 Dungeon Crawl Stone Soup version 0.32-a0-931-g5a2cda0630 (webtiles) character file.

Game seed: 1956318373778143379

3934 tensugalgo the Carver (level 10, 0/77 HPs)
             Began as a Coglin Gladiator on Apr 13, 2024.
             Was a Priest of Okawaru.
             Slain by Joseph
             ... wielding a +1 spectral quarterstaff
              (6 damage)
             ... on level 9 of the Dungeon.
             The game lasted 00:11:45 (6862 turns).

tensugalgo the Carver (Coglin Gladiator)            Turns: 6862, Time: 00:11:46

Health: 0/77       AC: 14    Str: 18    XL:     10   Next: 21%
Magic:  11/11      EV:  7    Int:  8    God:    Okawaru [***...]
Gold:   414        SH:  0    Dex: 16    Spells: 9/9 levels left

rFire   . . .        I - +8 dagger "Heuhuxig" {flame, +Blink SInv}
rCold   . . .        a - +1 long sword {Xiloxoch}
rNeg    . . .        q - +2 chain mail {rPois}
rPois   +            c - +0 helmet
rElec   .            G - scarf {repulsion}
rCorr   .            F - +0 pair of gloves
SInv    +            D - +0 pair of boots
Will    .....        (amulet unavailable) Stlth
                     (ring unavailable)
HPRegen 0.32/turn    (ring unavailable)
MPRegen 0.12/turn    (no gizmo)

%: repel missiles
@: invisible, revving
A: off-hand wielding, slow wielding, warmup strikes, no jewellery
a: Invent Gizmo, Renounce Religion, Evoke Blink, Heroism


You were on level 9 of the Dungeon.
You worshipped Okawaru.
Okawaru was most pleased with you.
You visited 2 branches of the dungeon, and saw 10 of its levels.

You collected 534 gold pieces.
You spent 120 gold pieces at shops.

Inventory:

Hand Weapons
 a - a +1 long sword (offhand) {Xiloxoch}
 y - a +6 dagger of venom {Vicente}
 I - the +8 dagger "Heuhuxig" (weapon) {flame, +Blink SInv}
   (You found it on level 6 of the Dungeon)

   SInv:      It lets you see invisible.
   +Blink:    It lets you blink.
Missiles
 d - 2 throwing nets (quivered)
 e - 5 javelins
 E - 2 darts of dispersal
 H - 5 curare-tipped darts
Armour
 b - a +0 leather armour
 c - a +0 helmet (worn)
 f - a +0 ring mail
 q - a +2 chain mail of poison resistance (worn)
 D - a +0 pair of boots (worn)
 F - a +0 pair of gloves (worn)
 G - a scarf of repulsion (worn)
Wands
 N - a wand of paralysis (9)
Scrolls
 g - 2 scrolls of vulnerability
 j - a scroll of identify
 p - 4 scrolls of teleportation
 s - 3 scrolls of amnesia {unknown}
 u - a scroll of poison
 w - 3 scrolls of blinking
 x - a scroll of silence
 A - 2 scrolls of immolation {unknown}
 C - a scroll of noise
 J - 3 scrolls of brand weapon {unknown}
Potions
 h - 2 potions of degeneration {unknown}
 i - 4 potions of invisibility
 k - a potion of cancellation {unknown}
 l - 3 potions of brilliance {unknown}
 o - 4 potions of enlightenment {unknown}
 r - a potion of lignification {unknown}
 t - 2 potions of haste {unknown}
 v - 3 potions of curing
 z - a potion of berserk rage {unknown}
 B - 2 potions of heal wounds {unknown}
 K - a potion of might {unknown}
 L - a potion of mutation {unknown}


   Skills:
 + Level 6.3 Fighting
 * Level 7.7(9.4) Short Blades
 * Level 9.1(10.5) Long Blades
 - Level 3.0 Throwing
 + Level 2.1 Armour
 - Level 2.7 Dodging
 + Level 1.7 Invocations
 + Level 3.0 Evocations


You had 9 spell levels left.
You didn't know any spells.
Your spell library contained the following spells:

 Spells                   Type           Power      Damage    Failure   Level
 Freeze                   Ice            0%         1d3       99%         1
 Magic Dart               Conj           0%         1d3       99%         1
 Searing Ray              Conj           0%         2d4       100%        2
 Frozen Ramparts          Ice            0%         1d1       100%        3
 Hailstorm                Conj/Ice       0%         3d5       100%        3
 Inner Flame              Hex/Fire       0%         N/A       100%        3
 Flame Wave               Conj/Fire      0%         2d4       100%        4
 Fulminant Prism          Conj/Alch      0%         3d5       100%        4
 Sticky Flame             Fire/Alch      0%         2d4       100%        4


Dungeon Overview and Level Annotations

Branches:
Dungeon (9/15)             Temple (1/1) D:5            Lair (0/5) D:8
    Orc: D:9-12

Altars:
Ashenzari
Cheibriados
Dithmenos
Elyvilon
Fedhas
Gozag
Hepliaklqana
Kikubaaqudgha
Makhleb
Nemelex Xobeh
Okawaru
Qazlal
Ru
Sif Muna
Uskayaw
Vehumet
Wu Jian
Xom
Yredelemnul
Zin
The Shining One

Shops:
D:2 ?   D:6 *(

Annotations:
D:3 3 runed translucent doors, Ijustatesigmund's ghost, weakling GnCj
D:9 Joseph


Innate Abilities, Weirdness & Mutations

You can wield a second weapon in your off-hand.
It takes a long time for you to wield or remove held weapons.
Your first few attacks do less damage.
You cannot equip rings or amulets.


Message History

You barely miss Joseph with your +1 long sword.
Joseph hits you with a +1 spectral quarterstaff.
The +1 spectral quarterstaff hits you.
Unknown command.
You closely miss Joseph with your +1 long sword.
Joseph is moderately wounded.
You hit Joseph with the +8 dagger "Heuhuxig".
You burn Joseph.
Joseph hits you with a +1 spectral quarterstaff!
The +1 spectral quarterstaff hits you!
Unknown command.
You hit Joseph with the +8 dagger "Heuhuxig".
You burn Joseph.
Joseph is heavily wounded.
You hit Joseph with your +1 long sword.
Joseph hits you with a +1 spectral quarterstaff!
* * * LOW HITPOINT WARNING * * *
The +1 spectral quarterstaff closely misses you.
Unknown command.
Okay, then.
Throw: 7 darts (curare)
Press: ? - help, Shift-Dir - straight line, f - Joseph
Aim: Joseph, wielding a +1 spectral quarterstaff, wearing a +0 leather armour and carrying a wand of iceblast (heavily wounded, 62% to hit)
You throw a curare-tipped dart.
The curare-tipped dart closely misses Joseph.
A killer bee comes into view.
Throw: 6 darts (curare)
Press: ? - help, Shift-Dir - straight line, f/p - Joseph
Aim: Joseph, wielding a +1 spectral quarterstaff, wearing a +0 leather armour and carrying a wand of iceblast (heavily wounded, 62% to hit)
You throw a curare-tipped dart. The curare-tipped dart hits Joseph.
Joseph is poisoned.
Joseph struggles to breathe.
Joseph seems to slow down.
Joseph is severely wounded.
Joseph hits you but does no damage. The +1 spectral quarterstaff hits you!
* * * LOW HITPOINT WARNING * * *
An orc comes into view. It is wielding a +0 club.
You fade into invisibility!
The orc shouts!
You hear a shout!
Joseph hits you with a +1 spectral quarterstaff.
You die...

,,,,,,,,,,.....y.....,,,,,,,*
,,,,,,,,,,..........,,,,,,,,*
,,,,,,,,,,@.........,,,,,,,,*
****,,,,,,.........######**,*
****,,,,,,...............,,,*
,,,,,,,,,,...............,,,*
,,,,,,,,,,.......yy......,,,*
,**##############@#********,*
,,,.......o.....@.#********,*
,,,............(.........,,,*
,,,......................,,,*
***########...###########****
* #...# * #...# * #...#
###########...#######********
.....................,,,,,,,*


You could see Joseph (unable to see you, very poisoned, slow), a +1 spectral
quarterstaff (unable to see you), 2 killer bees and an orc (wandering, unable to
see you).

Vanquished Creatures
  An ugly thing (D:9)
  Sigmund (D:2)
  4 yaks (D:8)
  A water moccasin (D:7)
  Duvessa (D:4)
  3 ice beasts
  An orc warrior (D:8)
  6 centaurs
  2 phantoms
  4 kobold brigands
  4 bullfrogs
  A scorpion (D:6)
  Dowan (D:4)
  2 howler monkeys (D:8)
  2 bombardier beetles
  A hound (D:6)
  A jelly (D:5)
  4 orc priests
  2 gnoll boudas
  Jessica (D:2)
  2 iguanas
  6 orc wizards
  20 gnolls
  6 adders
  2 shadow imps
  A white imp (D:5)
  4 ufetubi
  2 dart slugs
  9 orcs
  11 ball pythons
  9 endoplasms
  6 giant cockroaches
  4 hobgoblins
  4 jackals (D:1)
  4 quokkas
  5 bats
  6 frilled lizards
  8 goblins
  29 kobolds
  25 rats
206 creatures vanquished.

Notes
Turn   | Place    | Note
-------+----------+-------------------------------------------
     0 | D:1      | tensugalgo the Coglin Gladiator began the quest for the
                  | Orb.
     0 | D:1      | Reached XP level 1. HP: 16/16 MP: 1/1
    70 | D:1      | Reached XP level 2. HP: 17/22 MP: 2/2
   160 | D:1      | Reached skill level 1 in Short Blades
   162 | D:1      | Reached XP level 3. HP: 21/28 MP: 3/3
   598 | D:2      | Reached XP level 4. HP: 25/34 MP: 4/4
   677 | D:2      | Found Juehown's Magic Scroll Shoppe.
   681 | D:2      | Bought a scroll of teleportation for 36 gold pieces
   753 | D:2      | Noticed Sigmund
   811 | D:2      | Killed Sigmund
   812 | D:2      | Reached skill level 4 in Long Blades
   812 | D:2      | Reached XP level 5. HP: 3/41 MP: 5/5
   962 | D:2      | Reached XP level 6. HP: 47/47 MP: 6/6
  1112 | D:2      | Noticed Jessica
  1124 | D:2      | Killed Jessica
  1490 | D:3      | Found a runed translucent gate.
  1490 | D:3      | Found a runed translucent gate.
  1490 | D:3      | Found a runed translucent gate.
  1490 | D:3      | Noticed Ijustatesigmund's ghost (weakling GnCj)
  1735 | D:3      | Reached skill level 5 in Long Blades
  2232 | D:4      | Reached XP level 7. HP: 35/53 MP: 7/7
  2238 | D:5      | Entered Level 5 of the Dungeon
  2792 | D:4      | Noticed Dowan
  2792 | D:4      | Noticed Duvessa
  2802 | D:4      | Killed Duvessa
  2803 | D:4      | Reached skill level 6 in Long Blades
  2809 | D:4      | Killed Dowan
  3123 | D:4      | Found a shimmering altar of Xom.
  3404 | D:5      | Reached XP level 8. HP: 61/61 MP: 8/8
  3487 | D:5      | Found a sparkling altar of Nemelex Xobeh.
  3608 | D:5      | Found a glowing silver altar of Zin.
  3730 | D:5      | Reached skill level 5 in Short Blades
  3924 | D:5      | Found a blossoming altar of Fedhas.
  3927 | D:5      | Found a stormy altar of Qazlal.
  3931 | D:5      | Found a burning altar of Makhleb.
  3940 | D:5      | Found a staircase to the Ecumenical Temple.
  3979 | Temple   | Entered the Ecumenical Temple
  3984 | Temple   | Became a worshipper of Warmaster Okawaru
  4632 | D:6      | Reached skill level 7 in Long Blades
  4791 | D:6      | Identified the +8 dagger "Heuhuxig" {flame, +Blink SInv}
  4851 | D:6      | Found Oruntiv's Assorted Antiques.
  4899 | D:6      | Reached * piety under Okawaru
  4900 | D:6      | Reached skill level 5 in Fighting
  4909 | D:6      | Found Mouryr's Weapon Boutique.
  4917 | D:6      | Bought 5 curare-tipped darts for 84 gold pieces
  5133 | D:6      | Reached XP level 9. HP: 63/68 MP: 9/9
  5719 | D:7      | Reached skill level 8 in Long Blades
  5942 | D:7      | Reached ** piety under Okawaru
  6123 | D:8      | Identified the +1 leather armour "Fehasett" {Int+2 Dex+2}
  6173 | D:8      | Found a staircase to the Lair.
  6214 | D:8      | Reached skill level 1 in Evocations
  6285 | D:8      | Reached skill level 1 in Armour
  6298 | D:8      | Reached skill level 1 in Invocations
  6516 | D:8      | Reached XP level 10. HP: 56/76 MP: 9/11
  6520 | D:8      | Reached *** piety under Okawaru
  6721 | D:9      | Noticed a cyan ugly thing
  6736 | D:9      | Killed a cyan ugly thing
  6737 | D:9      | Reached skill level 9 in Long Blades
  6844 | D:9      | Noticed Joseph
  6862 | D:9      | Slain by Joseph

Illustrated notes

Levels and vault maps discovered:
D:1:      lemuel_arrival_rhombus, layout_rooms
D:2:      layout_basic, serial_shops, shop, minmay_rat_hole, uniq_sigmund,
          uniq_jessica
D:3:      layout_rooms, ebering_ghost_rock_garden, kennysheep_generic_room_13
D:4:      layout_basic, mainiacjoe_overflow_chevrons, uniq_duvessa
D:5:      layout_basic, overflow_temple_1_default, nemelex_spade_bored_becter,
          grunt_temple_overflow_diamond, minmay_temple_entry_butterflies,
          minmay_pentangle
D:6:      layout_basic, serial_shops, nicolae_shop_tiny_statue_garden,
          shop_fountains
D:7:      layout_basic
D:8:      layout_basic, lair_entry_dummy
D:9:      layout_long_grid, uniq_maurice, uniq_joseph, uniq_maggie
Temple:   minmay_freezing_vapour_temple

Skill      XL: |  1  2  3  4  5  6  7  8  9 10 |
---------------+-------------------------------+-----
Short Blades   | 1 2 3 4 6 7 |  7.7
Fighting       | 3 4 5 6 |  6.3
Long Blades    | 4 5 6 7 8 9 |  9.1
Throwing       | 2 3 |  3.0
Evocations     | 2 3 |  3.0
Armour         | 1 2 |  2.1
Invocations    | 1 |  1.7
Dodging        | |  2.7

Action                     |  1- 3 |  4- 6 |  7- 9 | 10-12 || total
---------------------------+-------+-------+-------+-------++-------
  Melee: Long sword        |    94 |   101 |   240 |    36 ||   471
         Dagger            |    60 |    71 |   233 |    33 ||   397
         Short sword       |    32 |    22 |       |       ||    54
  Throw: Dart              |       |       |     2 |     3 ||     5
         Throwing net      |       |       |       |     2 ||     2
    Use: Potion            |       |     3 |       |     1 ||     4
         Scroll            |       |       |     5 |     3 ||     8
   Stab: Held in net/web   |       |       |       |     1 ||     1
 Armour: Leather armour    |    49 |       |       |       ||    49
         Ring mail         |    22 |    30 |       |       ||    52
         Chain mail        |       |    64 |   199 |    35 ||   298
  Dodge: Dodged            |    66 |    59 |    87 |    11 ||   223
         Repelled          |       |       |     5 |     4 ||     9

Table legend: (Time is in decaauts)
 A = Elapsed time spent in this place.
 B = Non-inter-level travel time spent in this place.
 C = Inter-level travel time spent in this place.
 D = Time resting spent in this place.
 E = Time spent auto-exploring this place.
 F = Levels seen in this place.
 G = Mean time per level.
                   A        B        C        D        E       F      G
               +--------+--------+--------+--------+--------+-----+--------+
         Total |   6809 |   6364 |    445 |    434 |   4666 |  10 |  680.9 |
       Dungeon |   6798 |   6357 |    441 |    434 |   4666 |   9 |  755.3 |
        Temple |     10 |      6 |      4 |      0 |      0 |   1 |   10.0 |
               +--------+--------+--------+--------+--------+-----+--------+

Top non-repeatable levels by time:
     D:5: 1230 daAuts
     D:4: 1212 daAuts
     D:2: 968 daAuts
     D:7: 810 daAuts
     D:6: 681 daAuts
     D:8: 581 daAuts
     D:1: 566 daAuts
     D:3: 565 daAuts
     D:9: 181 daAuts
  Temple: 10 daAuts
